Map: Backwater LE

Players

SamirLugel - Winner!

  • Race: Terran Terran
  • Spawn Location: 11:00

A.I. 1 (Elite)

  • Race: Zerg Zerg
  • Spawn Location: 5:00

VOD

Have the link to the VOD?

Description

Samir Lugel infamous 3 Rax Rush

Time

  • Played on: Feb. 5, 2018, 1:22 p.m.
  • Length: 6:16
Show
View Real Time Build Order
Export as new Build Order

SamirLugel Terran - Winner!

Build Orders:  

Get SALT Encoding   

  12  0:01  SCV  
  13  0:13  SCV  
  14  0:18  Supply Depot  
  14  0:24  Refinery  
  14  0:29  SCV  
  15  0:43  Barracks  
  15  0:53  Supply Depot  
  15  0:54  SCV  
  16  1:06  SCV  
  17  1:23  Barracks  
  18  1:25  SCV  
  18  1:44  Barracks, SCV, Barracks Tech Lab  
  19  1:58  SCV  
  20  2:07  Combat Shields  
  20  2:11  Marauder  
  20  2:12  Barracks Reactor  
  22  2:20  Orbital Command  
  22  2:32  Barracks Reactor  
  22  2:33  Supply Depot  
  22  2:36  Marauder  
  24  2:54  Marine x2  
  24  2:58  Refinery  
  26  2:59  Marauder  
  28  3:10  Marine x2  
  30  3:19  Marine x2  
  32  3:26  Concussive Shells  
  32  3:36  Marine x2  
  32  3:37  Marauder  
  32  3:39  Marine x2  
  38  3:53  SCV  
  38  3:54  Marine x2  
  41  3:57  Marine x2  
  41  3:58  Marauder  
  45  4:15  Marine x4  
  49  4:20  Marauder  
  47  4:32  Marine  
  47  4:33  Marine x3  
  48  4:42  Marine  
  48  4:55  Marine x4  
  52  5:00  Marauder  
  53  5:12  Command Center  
  49  5:22  Marine x4  
  48  5:44  Marine x2  
  48  5:45  Marine x2  
  48  5:46  Marauder  
Show
View Real Time Build Order
Export as new Build Order

A.I. 1 (Elite) Zerg 

Build Orders: Pool First 

Get SALT Encoding   

  12  0:00  Drone  
  13  0:12  Overlord  
  13  0:16  Drone  
  14  0:30  Drone x2  
  14  0:34  Drone  
  17  0:47  Spawning Pool  
  17  0:49  Drone  
  17  1:11  Hatchery  
  17  1:14  Drone  
  17  1:16  Extractor  
  16  1:19  Drone  
  16  1:21  Extractor  
  16  1:24  Drone  
  17  1:29  Drone  
  18  1:38  Drone  
  19  1:48  Overlord  
  19  1:55  Queen  
  19  2:00  Zergling x2  
  22  2:10  Drone  
  23  2:23  Queen  
  23  2:26  Drone  
  26  2:34  Drone  
  27  2:38  Drone  
  27  2:43  Drone  
  29  2:56  Roach Warren  
  28  2:58  Drone  
  28  3:02  Drone  
  31  3:05  Zergling x2  
  31  3:08  Zergling x2  
  32  3:15  Overlord  
  32  3:18  Drone  
  33  3:21  Drone  
  34  3:36  Roach  
  34  3:37  Roach x2  
  34  3:38  Roach  
  42  3:45  Lair  
  42  3:50  Overlord  
  42  3:54  Overlord  
  42  3:57  Zergling x2  
  42  3:59  Zergling x2  
  42  4:02  Zergling x2  
  43  4:04  Zergling x2  
  43  4:08  Zergling x2  
  43  4:09  Drone  
  46  4:13  Roach  
  46  4:16  Drone  
  43  4:32  Roach  
  43  4:35  Zergling x2  
  43  4:38  Zergling x2  
  43  4:41  Zergling x2  
  38  4:48  Zergling x2  
  36  4:54  Drone  
  37  5:00  Drone  
  37  5:02  Overlord, Drone  
  26  5:39  Roach, Queen, Zergling x2  
  16  6:04  Drone x2  
Tags
 
Matchup
TvZ
Opening
Pool First
Spawn Locations
Cross Positions
Add a new tag
Caveats
  • Supply blocks, unpowered buildings, or Contaminate may cause inaccurate times.
  • Supply counts are checked every 10 seconds.